Barracuda vs Admirals
Created - June 20, 2022 at 19:08
Goals
|
| Barracuda |
0 |
4 |
0 |
4 |
| Admirals |
2 |
3 |
2 |
7 |
|
Shots
|
| Barracuda |
8 |
14 |
8 |
30 |
| Admirals |
12 |
12 |
6 |
30 |
|
1st period
1. Admirals , Kasper Bjorkqvist 15 (Anton Gustafsson 28, Nicolas Deslauriers 19) at 7:06 (PP)
2. Admirals , Nicolas Kerdiles 69 (Markus Granlund 61) at 7:18
Penalties :
Sam Carrick (S.J) for Tripping (Minor) at 5:31, Samuel Groulx (S.J) for Hooking (Minor) at 8:41
2nd period
3. Admirals , Markus Granlund 36 (Nicolas Kerdiles 65, Christian Djoos 6) at 5:37
4. Admirals , Lucas Wallmark 11 (Kasper Bjorkqvist 23, Blake Geoffrion 21) at 8:30
5. Barracuda , Cole Ully 19 (Justin Shugg 20) at 13:30
6. Barracuda , Brandon Kozun 22 (Alex Iafallo 57, Sam Carrick 70) at 13:40
7. Admirals , Nicolas Kerdiles 70 (Joel Armia 41, Markus Granlund 62) at 14:33 (PP)
8. Barracuda , William Carrier 33 (Arturs Kulda 25, Markus Nutivaara 77) at 16:16
9. Barracuda , Sam Carrick 42 (Alex Iafallo 58, Brandon Kozun 36) at 18:28
Penalties :
Alex Iafallo (S.J) for Hooking (Minor) at 6:00, Markus Granlund (Mil) for Roughing (Minor) at 9:47, Chris Wagner (S.J) for Interference (Minor) at 14:26
3rd period
10. Admirals , Hunter Shinkaruk 12 (Freddie Hamilton 6, Brett Connolly 8) at 2:18
11. Admirals , Travis Dermott 15 (Nicolas Kerdiles 66, T.J Brodie 30) at 13:30 (PP)
Penalties :
T.J Brodie (Mil) for Unsportsmanlike conduct (Minor) at 0:12, Joel Armia (Mil) for Holding (Minor) at 8:34, Samuel Groulx (S.J) for Holding (Minor) at 12:23, Anton Gustafsson (Mil) for Hooking (Minor) at 19:31
Goalie Stats
Joacim Eriksson (S.J), 18 saves from 23 shots - (0.783), L, 29-24-3, 34:33 minutes
Oscar Dansk (S.J), 5 saves from 7 shots - (0.714), 25:27 minutes
Felix Sanstrom (Mil), 26 saves from 30 shots - (0.867), W, 12-11-1, 60:00 minutes
Players Stats for Barracuda
Player Name G A P +/- PIM S H SB GA TA FO MP PP MP PK MP
------------------------------------------------------------------------------------
Alex Henriksson 0 0 0 0 0 2 2 0 0 0 0/0 9:39 0:00 1:45
Alex Iafallo 0 2 2 1 2 4 2 0 0 1 3/3 23:00 3:47 2:38
Arturs Kulda 0 1 1 -2 0 2 3 4 1 1 0/0 28:47 4:07 3:45
Brandon Kozun 1 1 2 1 0 3 1 2 0 1 0/0 20:18 3:47 0:00
Chris Wagner 0 0 0 -1 2 0 2 1 0 0 0/1 9:56 0:00 0:00
Cole Ully 1 0 1 -1 0 1 1 0 0 0 0/0 10:39 0:00 0:42
David Shields 0 0 0 -1 0 0 1 1 0 0 0/0 13:15 0:00 1:47
Dmitrij Jaskin 0 0 0 0 0 0 0 0 0 0 0/0 0:13 0:13 0:00
Emil Pettersson 0 0 0 0 0 2 1 1 0 1 6/13 18:30 2:38 3:31
Eric Gustafsson 0 0 0 3 0 2 0 1 0 2 0/0 19:32 2:18 3:12
Justin Shugg 0 1 1 0 0 1 3 0 0 0 0/0 14:59 2:38 0:00
Mario Lucia 0 0 0 0 0 2 0 0 0 0 0/0 7:51 0:00 0:00
Markus Nutivaara 0 1 1 -2 0 1 2 3 0 3 0/0 28:25 4:07 3:28
Noah Gregor 0 0 0 0 0 1 0 0 0 0 0/2 7:51 0:00 0:00
Robin Norell 0 0 0 -1 0 0 0 1 0 0 0/0 11:51 0:00 0:00
Sam Carrick 1 1 2 1 2 3 1 0 0 1 16/40 22:39 3:34 2:35
Samuel Groulx 0 0 0 3 4 0 1 2 1 0 0/0 18:11 2:18 1:22
Theodor Blueger 0 0 0 -1 0 1 3 0 1 1 2/7 11:08 0:00 1:03
William Carrier 1 0 1 0 0 5 0 1 0 0 0/0 16:24 2:38 1:20
Players Stats for Admirals
Player Name G A P +/- PIM S H SB GA TA FO MP PP MP PK MP
------------------------------------------------------------------------------------
Andreas Englund 0 0 0 1 0 0 2 0 0 0 0/0 18:55 1:58 2:24
Anton Gustafsson 0 1 1 0 2 3 3 0 0 0 5/11 17:46 4:06 1:27
Blake Geoffrion 0 1 1 0 0 2 1 0 0 0 0/0 11:14 0:00 1:19
Brett Connolly 0 1 1 0 0 0 0 0 0 0 0/0 7:24 0:08 0:00
Carl Dahlstrom 0 0 0 -1 0 0 1 0 0 0 0/0 4:39 0:00 0:54
Christian Djoos 0 1 1 1 0 0 2 0 0 1 0/0 9:08 0:00 0:27
Freddie Hamilton 0 1 1 0 0 1 0 1 1 0 4/5 7:19 0:08 0:00
Hunter Shinkaruk 1 0 1 0 0 2 1 0 1 1 0/1 8:15 1:02 0:00
Joel Armia 0 1 1 0 2 3 0 1 1 0 1/1 19:59 2:30 0:00
Josh Morrissey 0 0 0 -1 0 2 1 2 0 0 0/0 28:40 4:49 4:01
Kasper Bjorkqvist 1 1 2 0 0 1 0 0 1 0 0/0 13:53 4:06 0:00
Lucas Wallmark 1 0 1 0 0 1 3 1 0 0 3/8 12:21 0:00 2:30
Mark McNeill 0 0 0 0 0 2 2 0 1 0 0/2 13:17 0:00 1:09
Markus Granlund 1 2 3 0 2 4 0 0 0 0 25/37 22:37 2:33 2:28
Mattias Backman 0 0 0 1 0 1 0 0 0 0 0/0 8:40 0:00 0:00
Nicolas Deslauriers 0 1 1 0 0 2 3 0 1 0 0/0 21:00 3:07 3:57
Nicolas Kerdiles 2 2 4 0 0 4 2 0 2 0 1/1 18:26 2:41 0:00
Olli Juolevi 0 0 0 -1 0 0 0 1 0 0 0/0 3:45 0:00 0:00
Riley Barber 0 0 0 0 0 0 0 0 0 0 0/0 0:00 0:00 0:00
T.J Brodie 0 1 1 -1 2 1 1 2 2 1 0/0 27:33 4:49 2:54
Travis Dermott 1 0 1 1 0 1 0 2 1 0 0/0 18:40 1:58 2:10
3 Stars
1 - Nicolas Kerdiles (Mil)
2 - Markus Granlund (Mil)
3 - Kasper Bjorkqvist (Mil)
Power Play
Barracuda - 0 on 4 Attempt(s) - 0.00%
Admirals - 3 on 5 Attempt(s) - 60.00%
Penalty Kill
Barracuda - 2 on 5 Attempt(s) - 40.00%
- Score 0 goal in Penalty Kill
Admirals - 4 on 4 Attempt(s) - 100.00%
- Score 0 goal in Penalty Kill
Team Stat
Barracuda - Hits : 23 - Faceoff Wins : 27 - Blocked Shots : 17 - Penalty Minutes : 10
Admirals - Hits : 22 - Faceoff Wins : 39 - Blocked Shots : 10 - Penalty Minutes : 8
Official
Referees : Francois St. Laurent and Chris Schlenker
Linesman : Greg Devorski and Kiel Murchison
Game Notes
Oscar Dansk enters game at 14:33 of 2nd period
Finance
Level 1 -- Attendance: 1958 (97.90%) -- Ticket Income $68,530
Level 2 -- Attendance: 956 (95.60%) -- Ticket Income $14,340
Total Attendance: 2914 (97.13%)
Total Ticket Income: $82,870
Other Income: $4,144
Total Income: $87,014
Barracuda
5 vs 5 Forward
Center Left Wing Right Wing Time % Phy DF OF
1 Sam Carrick Alex Iafallo Brandon Kozun 40 1 2 2
2 Emil Pettersson William Carrier Justin Shugg 30 1 2 2
3 Theodor Blueger Cole Ully Chris Wagner 20 1 2 2
4 Noah Gregor Alex Henriksson Mario Lucia 10 1 2 2
5 vs 5 Defense
Defense Defense Time % Phy DF OF
1 Arturs Kulda Markus Nutivaara 40 1 2 2
2 Eric Gustafsson Samuel Groulx 30 1 2 2
3 David Shields Robin Norell 20 1 2 2
4 Arturs Kulda Markus Nutivaara 10 1 2 2
PowerPlay Forward
Center Left Wing Right Wing Time % Phy DF OF
1 Sam Carrick Alex Iafallo Brandon Kozun 60 1 2 2
2 Emil Pettersson William Carrier Justin Shugg 40 1 2 2
PowerPlay Defense
Defense Defense Time % Phy DF OF
1 Arturs Kulda Markus Nutivaara 60 1 2 2
2 Eric Gustafsson Samuel Groulx 40 1 2 2
Penalty Kill 4 Players Forward
Center Wing Time % Phy DF OF
1 Sam Carrick Alex Iafallo 60 1 2 2
2 Emil Pettersson William Carrier 40 1 2 2
Penalty Kill 4 Players Defense
Defense Defense Time % Phy DF OF
1 Arturs Kulda Markus Nutivaara 60 1 2 2
2 Eric Gustafsson Samuel Groulx 40 1 2 2
Penalty Kill - 3 Players Forward
Forward Time % Phy DF OF
1 Sam Carrick 60 1 2 2
2 Emil Pettersson 40 1 2 2
Penalty Kill - 3 Players Defense
Defense Defense Time % Phy DF OF
1 Arturs Kulda Markus Nutivaara 60 1 2 2
2 Eric Gustafsson Samuel Groulx 40 1 2 2
4 vs 4 Forward
Center Wing Time % Phy DF OF
1 Sam Carrick Alex Iafallo 60 1 2 2
2 Emil Pettersson William Carrier 40 1 2 2
4 vs 4 Defense
Defense Defense Time % Phy DF OF
1 Arturs Kulda Markus Nutivaara 60 1 2 2
2 Eric Gustafsson Samuel Groulx 40 1 2 2
Last Minutes Offensive
Center Left Wing Right Wing Defense Defense
Sam Carrick Alex Iafallo Brandon Kozun Arturs Kulda Markus Nutivaara
Last Minutes Defensive
Center Left Wing Right Wing Defense Defense
Sam Carrick Alex Iafallo Brandon Kozun Arturs Kulda Markus Nutivaara
Goaltenders
Starting : Joacim Eriksson
Backup : Oscar Dansk
Extra Forwards
Normal : Dmitrij Jaskin, Justin Shugg, Chris Wagner - PP : Dmitrij Jaskin, Justin Shugg - PK : Emil Pettersson
Extra Defensemen
Normal : Samuel Groulx, David Shields, Robin Norell - PP : Samuel Groulx - PK : Samuel Groulx, David Shields
Penalty Shots
Alex Iafallo, Sam Carrick, Brandon Kozun, William Carrier, Dmitrij Jaskin
Scratches
Alex Lintuniemi (Healthy), Jaedon Descheneau (Healthy), Jerome Gauthier-Leduc (Healthy), Thomas Gobeil (Healthy), Tanner Jeannot (Healthy)
Drew O'Connor (Healthy), Dennis Cholowski (Healthy), Kevin Lankinen (Healthy)
Admirals
5 vs 5 Forward
Center Left Wing Right Wing Time % Phy DF OF
1 Markus Granlund Nicolas Kerdiles Joel Armia 40 1 2 2
2 Anton Gustafsson Nicolas Deslauriers Mark McNeill 30 1 2 2
3 Lucas Wallmark Blake Geoffrion Kasper Bjorkqvist 20 1 2 2
4 Freddie Hamilton Hunter Shinkaruk Brett Connolly 10 1 2 2
5 vs 5 Defense
Defense Defense Time % Phy DF OF
1 Josh Morrissey T.J Brodie 40 1 2 2
2 Andreas Englund Travis Dermott 30 1 2 2
3 Christian Djoos Mattias Backman 20 1 2 2
4 Carl Dahlstrom Olli Juolevi 10 1 2 2
PowerPlay Forward
Center Left Wing Right Wing Time % Phy DF OF
1 Markus Granlund Nicolas Kerdiles Joel Armia 60 1 2 2
2 Anton Gustafsson Nicolas Deslauriers Kasper Bjorkqvist 40 1 2 2
PowerPlay Defense
Defense Defense Time % Phy DF OF
1 Josh Morrissey T.J Brodie 60 1 2 2
2 Andreas Englund Travis Dermott 40 1 2 2
Penalty Kill 4 Players Forward
Center Wing Time % Phy DF OF
1 Markus Granlund Nicolas Deslauriers 60 1 2 2
2 Lucas Wallmark Mark McNeill 40 1 2 2
Penalty Kill 4 Players Defense
Defense Defense Time % Phy DF OF
1 Josh Morrissey T.J Brodie 60 1 2 2
2 Andreas Englund Travis Dermott 40 1 2 2
Penalty Kill - 3 Players Forward
Forward Time % Phy DF OF
1 Mark McNeill 60 1 2 2
2 Nicolas Deslauriers 40 1 2 2
Penalty Kill - 3 Players Defense
Defense Defense Time % Phy DF OF
1 Josh Morrissey T.J Brodie 60 1 2 2
2 Andreas Englund Travis Dermott 40 1 2 2
4 vs 4 Forward
Center Wing Time % Phy DF OF
1 Markus Granlund Nicolas Kerdiles 60 1 2 2
2 Anton Gustafsson Joel Armia 40 1 2 2
4 vs 4 Defense
Defense Defense Time % Phy DF OF
1 Josh Morrissey T.J Brodie 60 1 2 2
2 Andreas Englund Travis Dermott 40 1 2 2
Last Minutes Offensive
Center Left Wing Right Wing Defense Defense
Anton Gustafsson Nicolas Kerdiles Joel Armia Josh Morrissey T.J Brodie
Last Minutes Defensive
Center Left Wing Right Wing Defense Defense
Anton Gustafsson Nicolas Kerdiles Mark McNeill Josh Morrissey Andreas Englund
Goaltenders
Starting : Felix Sanstrom
Backup : Tristan Jarry
Extra Forwards
Normal : Blake Geoffrion, Nicolas Deslauriers, Kasper Bjorkqvist - PP : Kasper Bjorkqvist, Hunter Shinkaruk - PK : Lucas Wallmark
Extra Defensemen
Normal : Olli Juolevi, Mattias Backman, Christian Djoos - PP : Olli Juolevi - PK : Carl Dahlstrom, Christian Djoos
Penalty Shots
Anton Gustafsson, Markus Granlund, Nicolas Kerdiles, Joel Armia, Blake Geoffrion
Scratches
Adam Almquist (Healthy), Alexandre Mallet (Healthy), Chris Lawrence (Healthy), Filip Chlapik (Healthy), Josh Wesley (Healthy)
Mark MacMillan (Healthy), Ryan Olsen (Healthy), Sergei Zborovskiy (Healthy), Stanislav Galiev (Healthy), Trevor Van Riemsdyk (Healthy)
Troy Bourke (Healthy), Carsen Twarynski (Healthy), Libor Hajek (Healthy), Linus Ullmark (Healthy)
% Time on Ice - Barracuda
Lines # - Real PCT - Wanted PCT - Time Play
Normal Forward
1 - 36% - 40% - 16:39
2 - 26% - 30% - 12:21
3 - 21% - 20% - 9:57
4 - 17% - 10% - 7:51
Normal Defense
1 - 41% - 40% - 19:10
2 - 31% - 30% - 14:33
3 - 24% - 20% - 11:20
4 - 4% - 10% - 1:45
PP Forward
1 - 59% - 60% - 3:47
2 - 41% - 40% - 2:38
PP Defense
1 - 64% - 60% - 4:07
2 - 36% - 40% - 2:18
PK Forward
1 - 81% - 60% - 5:31
2 - 19% - 40% - 1:16
PK Defense
1 - 53% - 60% - 3:35
2 - 47% - 40% - 3:12
PK3 Forward
1 - 0% - 60%
2 - 0% - 40%
PK3 Defense
1 - 0% - 60%
2 - 0% - 40%
44 Forward
1 - 0% - 60%
2 - 0% - 40%
44 Defense
1 - 0% - 60%
2 - 0% - 40%
Last Minute Offensive - 0:00
Last Minute Defensive - 0:00
Total
Forward - 60:00
Defense - 60:00
|
% Time on Ice - Admirals
Lines # - Real PCT - Wanted PCT - Time Play
Normal Forward
1 - 38% - 40% - 17:37
2 - 26% - 30% - 12:10
3 - 21% - 20% - 9:50
4 - 15% - 10% - 7:11
Normal Defense
1 - 42% - 40% - 19:51
2 - 31% - 30% - 14:32
3 - 19% - 20% - 8:40
4 - 8% - 10% - 3:45
PP Forward
1 - 40% - 60% - 2:41
2 - 60% - 40% - 4:06
PP Defense
1 - 71% - 60% - 4:49
2 - 29% - 40% - 1:58
PK Forward
1 - 82% - 60% - 5:16
2 - 18% - 40% - 1:09
PK Defense
1 - 66% - 60% - 4:15
2 - 34% - 40% - 2:10
PK3 Forward
1 - 0% - 60%
2 - 0% - 40%
PK3 Defense
1 - 0% - 60%
2 - 0% - 40%
44 Forward
1 - 0% - 60%
2 - 0% - 40%
44 Defense
1 - 0% - 60%
2 - 0% - 40%
Last Minute Offensive - 0:00
Last Minute Defensive - 0:00
Total
Forward - 60:00
Defense - 60:00
|
Play-by-Play
1st period
0:01 of 1st period - Markus Granlund wins face-off versus Sam Carrick in neutral zone.
0:12 of 1st period - Wrist shot by Sam Carrick.
0:12 of 1st period - Shot Misses the Net.
0:14 of 1st period - Slapshot by Brandon Kozun.
0:14 of 1st period - Deflect By Sam Carrick.
0:14 of 1st period - Stopped by Felix Sanstrom with a rebound.
0:58 of 1st period - Slapshot by Samuel Groulx.
0:58 of 1st period - Shot Blocked by Josh Morrissey.
1:12 of 1st period - Snap shot by Freddie Hamilton.
1:12 of 1st period - Stopped by Joacim Eriksson without a rebound.
1:13 of 1st period - Freddie Hamilton wins face-off versus Sam Carrick in Barracuda zone.
1:18 of 1st period - Snap shot by Hunter Shinkaruk.
1:18 of 1st period - Stopped by Joacim Eriksson with a rebound.
1:21 of 1st period - Icing by David Shields.
1:22 of 1st period - Markus Granlund wins face-off versus Sam Carrick in Barracuda zone.
1:29 of 1st period - Slapshot by Markus Granlund.
1:29 of 1st period - Stopped by Joacim Eriksson with a rebound.
1:47 of 1st period - Wrist shot by Brandon Kozun.
1:47 of 1st period - Stopped by Felix Sanstrom without a rebound.
1:48 of 1st period - Emil Pettersson wins face-off versus Anton Gustafsson in Admirals zone.
1:57 of 1st period - Snap shot by Emil Pettersson.
1:57 of 1st period - Shot Misses the Net.
1:59 of 1st period - Snap shot by Emil Pettersson.
1:59 of 1st period - Stopped by Felix Sanstrom with a rebound.
2:01 of 1st period - Snap shot by Justin Shugg.
2:01 of 1st period - Stopped by Felix Sanstrom without a rebound.
2:02 of 1st period - Joel Armia wins face-off versus Theodor Blueger in Admirals zone.
2:37 of 1st period - Slapshot by Markus Nutivaara.
2:37 of 1st period - Deflect By Emil Pettersson.
2:37 of 1st period - Stopped by Felix Sanstrom without a rebound.
2:38 of 1st period - Sam Carrick wins face-off versus Anton Gustafsson in Admirals zone.
2:41 of 1st period - Snap shot by Brandon Kozun.
2:41 of 1st period - Shot Misses the Net.
2:53 of 1st period - Wrist shot by Anton Gustafsson.
2:53 of 1st period - Stopped by Joacim Eriksson with a rebound.
3:05 of 1st period - Mattias Backman is hit by Justin Shugg.
3:36 of 1st period - Snap shot by Joel Armia.
3:36 of 1st period - Shot Misses the Net.
3:38 of 1st period - Wrist shot by Markus Granlund.
3:38 of 1st period - Shot Blocked by Arturs Kulda.
4:55 of 1st period - Freddie Hamilton is hit by Cole Ully and loses puck.
5:04 of 1st period - Slapshot by Samuel Groulx.
5:04 of 1st period - Shot Misses the Net.
5:28 of 1st period - Snap shot by Kasper Bjorkqvist.
5:28 of 1st period - Deflect By Blake Geoffrion.
5:28 of 1st period - Shot Misses the Net.
5:28 of 1st period - Puck is out of play.
5:29 of 1st period - Sam Carrick wins face-off versus Markus Granlund in Barracuda zone.
5:31 of 1st period - Minor Penalty to Sam Carrick for Tripping.
5:32 of 1st period - Emil Pettersson wins face-off versus Markus Granlund in Barracuda zone.
5:48 of 1st period - Slapshot by Nicolas Kerdiles.
5:48 of 1st period - Shot Misses the Net.
6:02 of 1st period - Wrist shot by Nicolas Deslauriers.
6:02 of 1st period - Shot Blocked by Markus Nutivaara.
6:52 of 1st period - Slapshot by Nicolas Deslauriers.
6:52 of 1st period - Shot Misses the Net.
6:54 of 1st period - Snap shot by Nicolas Deslauriers.
6:54 of 1st period - Shot Misses the Net.
7:00 of 1st period - Wrist shot by Nicolas Deslauriers.
7:00 of 1st period - Shot Blocked by Arturs Kulda.
7:06 of 1st period - Snap shot by Kasper Bjorkqvist.
7:06 of 1st period - Goal by Kasper Bjorkqvist - Barracuda : 0 - Admirals : 1.
7:07 of 1st period - Markus Granlund wins face-off versus Theodor Blueger in neutral zone.
7:18 of 1st period - Wrist shot by Nicolas Kerdiles.
7:18 of 1st period - Goal by Nicolas Kerdiles - Barracuda : 0 - Admirals : 2.
7:19 of 1st period - Sam Carrick wins face-off versus Markus Granlund in neutral zone.
7:46 of 1st period - Anton Gustafsson is hit by Theodor Blueger and loses puck.
8:41 of 1st period - Minor Penalty to Samuel Groulx for Hooking.
8:42 of 1st period - Markus Granlund wins face-off versus Sam Carrick in Barracuda zone.
9:49 of 1st period - Alex Iafallo is hit by T.J Brodie and loses puck.
10:26 of 1st period - David Shields is hit by Nicolas Kerdiles and loses puck.
10:41 of 1st period - Penalty to Samuel Groulx is over, Samuel Groulx is back on ice.
10:49 of 1st period - T.J Brodie is hit by David Shields and loses puck.
11:43 of 1st period - Alex Iafallo is hit by Hunter Shinkaruk and loses puck.
12:16 of 1st period - Olli Juolevi is hit by Theodor Blueger.
12:44 of 1st period - Icing by Mattias Backman.
12:45 of 1st period - Sam Carrick wins face-off versus Lucas Wallmark in Admirals zone.
12:48 of 1st period - Wrist shot by Alex Iafallo.
12:48 of 1st period - Deflect By Sam Carrick.
12:48 of 1st period - Shot Blocked by Lucas Wallmark.
12:48 of 1st period - Puck is out of play.
12:49 of 1st period - Sam Carrick wins face-off versus Markus Granlund in Admirals zone.
13:16 of 1st period - Backhand shot by Emil Pettersson.
13:16 of 1st period - Deflect By William Carrier.
13:16 of 1st period - Stopped by Felix Sanstrom with a rebound.
14:02 of 1st period - Wrist shot by Joel Armia.
14:02 of 1st period - Stopped by Joacim Eriksson with a rebound.
14:10 of 1st period - Snap shot by Markus Granlund.
14:10 of 1st period - Shot Blocked by Arturs Kulda.
14:17 of 1st period - Icing by Markus Nutivaara.
14:18 of 1st period - Sam Carrick wins face-off versus Anton Gustafsson in Barracuda zone.
14:18 of 1st period - Sam Carrick is hit by Christian Djoos.
14:45 of 1st period - Slapshot by Nicolas Kerdiles.
14:45 of 1st period - Shot Misses the Net.
14:47 of 1st period - Slapshot by Nicolas Kerdiles.
14:47 of 1st period - Shot Blocked by Markus Nutivaara.
14:49 of 1st period - Snap shot by Nicolas Kerdiles.
14:49 of 1st period - Shot Misses the Net.
14:55 of 1st period - Backhand shot by Markus Granlund.
14:55 of 1st period - Stopped by Joacim Eriksson without a rebound.
14:56 of 1st period - Anton Gustafsson wins face-off versus Emil Pettersson in Barracuda zone.
14:57 of 1st period - Backhand shot by Mark McNeill.
14:57 of 1st period - Shot Misses the Net.
14:59 of 1st period - Snap shot by Nicolas Deslauriers.
14:59 of 1st period - Stopped by Joacim Eriksson without a rebound.
15:00 of 1st period - Emil Pettersson wins face-off versus Anton Gustafsson in Barracuda zone.
15:09 of 1st period - Backhand shot by Nicolas Deslauriers.
15:09 of 1st period - Stopped by Joacim Eriksson without a rebound.
15:10 of 1st period - Markus Granlund wins face-off versus Sam Carrick in Barracuda zone.
15:17 of 1st period - Wrist shot by Brandon Kozun.
15:17 of 1st period - Shot Blocked by T.J Brodie.
15:23 of 1st period - Slapshot by Alex Iafallo.
15:23 of 1st period - Stopped by Felix Sanstrom with a rebound.
15:25 of 1st period - Slapshot by Markus Nutivaara.
15:25 of 1st period - Shot Misses the Net.
16:02 of 1st period - Slapshot by Travis Dermott.
16:02 of 1st period - Deflect By Kasper Bjorkqvist.
16:02 of 1st period - Shot Misses the Net.
16:02 of 1st period - Puck is out of play.
16:03 of 1st period - Markus Granlund wins face-off versus Sam Carrick in Barracuda zone.
16:04 of 1st period - Snap shot by Nicolas Kerdiles.
16:04 of 1st period - Shot Blocked by Arturs Kulda.
16:10 of 1st period - Wrist shot by Sam Carrick.
16:10 of 1st period - Stopped by Felix Sanstrom without a rebound.
16:11 of 1st period - Sam Carrick wins face-off versus Markus Granlund in Admirals zone.
16:14 of 1st period - Slapshot by Alex Iafallo.
16:14 of 1st period - Shot Misses the Net.
16:28 of 1st period - Slapshot by Markus Granlund.
16:28 of 1st period - Stopped by Joacim Eriksson with a rebound.
16:59 of 1st period - Off-side.
17:00 of 1st period - Anton Gustafsson wins face-off versus Emil Pettersson in neutral zone.
17:03 of 1st period - Snap shot by Mark McNeill.
17:03 of 1st period - Shot Blocked by Emil Pettersson.
17:05 of 1st period - Slapshot by Josh Morrissey.
17:05 of 1st period - Deflect By Nicolas Deslauriers.
17:05 of 1st period - Shot Hit the Post.
17:05 of 1st period - Puck is out of play.
17:06 of 1st period - Emil Pettersson wins face-off versus Anton Gustafsson in Barracuda zone.
17:06 of 1st period - Emil Pettersson is hit by Anton Gustafsson.
17:19 of 1st period - Samuel Groulx is hit by Nicolas Deslauriers and loses puck.
17:49 of 1st period - Icing by Samuel Groulx.
17:50 of 1st period - Freddie Hamilton wins face-off versus Theodor Blueger in Barracuda zone.
17:53 of 1st period - Snap shot by Nicolas Kerdiles.
17:53 of 1st period - Stopped by Joacim Eriksson without a rebound.
17:54 of 1st period - Markus Granlund wins face-off versus Sam Carrick in Barracuda zone.
18:05 of 1st period - Slapshot by Joel Armia.
18:05 of 1st period - Shot Misses the Net.
18:07 of 1st period - Slapshot by Andreas Englund.
18:07 of 1st period - Shot Misses the Net.
18:09 of 1st period - Snap shot by Markus Granlund.
18:09 of 1st period - Shot Misses the Net.
18:11 of 1st period - Snap shot by Travis Dermott.
18:11 of 1st period - Shot Blocked by Brandon Kozun.
18:28 of 1st period - Markus Nutivaara is hit by Nicolas Deslauriers and loses puck.
19:03 of 1st period - Brett Connolly is hit by Alex Henriksson and loses puck.
Goals for this period are 0 for Barracuda vs 2 for Admirals.
Shots for this period are 8 for Barracuda vs 12 for Admirals.
2nd period
0:01 of 2nd period - Markus Granlund wins face-off versus Sam Carrick in neutral zone.
1:27 of 2nd period - Wrist shot by Markus Granlund.
1:27 of 2nd period - Shot Blocked by David Shields.
1:33 of 2nd period - Snap shot by Markus Granlund.
1:33 of 2nd period - Shot Misses the Net.
1:49 of 2nd period - T.J Brodie is hit by Samuel Groulx and loses puck.
1:56 of 2nd period - Snap shot by Emil Pettersson.
1:56 of 2nd period - Deflect By William Carrier.
1:56 of 2nd period - Stopped by Felix Sanstrom without a rebound.
1:57 of 2nd period - Sam Carrick wins face-off versus Mark McNeill in Admirals zone.
2:00 of 2nd period - Snap shot by Alex Iafallo.
2:00 of 2nd period - Stopped by Felix Sanstrom without a rebound.
2:01 of 2nd period - Sam Carrick wins face-off versus Mark McNeill in Admirals zone.
2:06 of 2nd period - Wrist shot by Alex Iafallo.
2:06 of 2nd period - Stopped by Felix Sanstrom with a rebound.
2:36 of 2nd period - Wrist shot by Markus Nutivaara.
2:36 of 2nd period - Shot Blocked by Travis Dermott.
3:08 of 2nd period - Eric Gustafsson is hit by Lucas Wallmark and loses puck.
3:38 of 2nd period - Snap shot by Mark McNeill.
3:38 of 2nd period - Stopped by Joacim Eriksson with a rebound.
4:12 of 2nd period - Snap shot by Mario Lucia.
4:12 of 2nd period - Stopped by Felix Sanstrom without a rebound.
4:13 of 2nd period - Anton Gustafsson wins face-off versus Noah Gregor in Admirals zone.
4:13 of 2nd period - Anton Gustafsson is hit by Arturs Kulda.
4:29 of 2nd period - Arturs Kulda is hit by Anton Gustafsson and loses puck.
4:40 of 2nd period - Nicolas Deslauriers is hit by Arturs Kulda and loses puck.
5:03 of 2nd period - Slapshot by Nicolas Deslauriers.
5:03 of 2nd period - Shot Blocked by Samuel Groulx.
5:05 of 2nd period - Slapshot by Josh Morrissey.
5:05 of 2nd period - Stopped by Joacim Eriksson with a rebound.
5:07 of 2nd period - Snap shot by Mark McNeill.
5:07 of 2nd period - Stopped by Joacim Eriksson with a rebound.
5:09 of 2nd period - Slapshot by Josh Morrissey.
5:09 of 2nd period - Stopped by Joacim Eriksson without a rebound.
5:10 of 2nd period - Markus Granlund wins face-off versus Sam Carrick in Barracuda zone.
5:21 of 2nd period - Snap shot by Markus Granlund.
5:21 of 2nd period - Deflect By Joel Armia.
5:21 of 2nd period - Shot Misses the Net.
5:21 of 2nd period - Puck is out of play.
5:22 of 2nd period - Markus Granlund wins face-off versus Sam Carrick in Barracuda zone.
5:25 of 2nd period - Slapshot by Nicolas Kerdiles.
5:25 of 2nd period - Stopped by Joacim Eriksson with a rebound.
5:27 of 2nd period - Snap shot by Joel Armia.
5:27 of 2nd period - Stopped by Joacim Eriksson with a rebound.
5:29 of 2nd period - Slapshot by Mattias Backman.
5:29 of 2nd period - Stopped by Joacim Eriksson with a rebound.
5:31 of 2nd period - Wrist shot by Christian Djoos.
5:31 of 2nd period - Shot Blocked by Brandon Kozun.
5:33 of 2nd period - Slapshot by Christian Djoos.
5:33 of 2nd period - Shot Misses the Net.
5:35 of 2nd period - Wrist shot by Nicolas Kerdiles.
5:35 of 2nd period - Shot Misses the Net.
5:37 of 2nd period - Snap shot by Markus Granlund.
5:37 of 2nd period - Goal by Markus Granlund - Barracuda : 0 - Admirals : 3.
5:38 of 2nd period - Markus Granlund wins face-off versus Sam Carrick in neutral zone.
5:38 of 2nd period - Markus Granlund is hit by Brandon Kozun.
5:44 of 2nd period - Snap shot by Sam Carrick.
5:44 of 2nd period - Shot Blocked by Joel Armia.
6:00 of 2nd period - Minor Penalty to Alex Iafallo for Hooking.
6:01 of 2nd period - Markus Granlund wins face-off versus Sam Carrick in Barracuda zone.
8:00 of 2nd period - Penalty to Alex Iafallo is over, Alex Iafallo is back on ice.
8:08 of 2nd period - Slapshot by Arturs Kulda.
8:08 of 2nd period - Stopped by Felix Sanstrom without a rebound.
8:09 of 2nd period - Alex Iafallo wins face-off versus Freddie Hamilton in Admirals zone.
8:26 of 2nd period - Wrist shot by Kasper Bjorkqvist.
8:26 of 2nd period - Shot Blocked by William Carrier.
8:28 of 2nd period - Wrist shot by Blake Geoffrion.
8:28 of 2nd period - Shot Misses the Net.
8:30 of 2nd period - Wrist shot by Kasper Bjorkqvist.
8:30 of 2nd period - Deflect By Lucas Wallmark.
8:30 of 2nd period - Goal by Lucas Wallmark - Barracuda : 0 - Admirals : 4.
8:31 of 2nd period - Markus Granlund wins face-off versus Sam Carrick in neutral zone.
9:25 of 2nd period - Snap shot by Alex Henriksson.
9:25 of 2nd period - Deflect By Noah Gregor.
9:25 of 2nd period - Stopped by Felix Sanstrom without a rebound.
9:26 of 2nd period - Markus Granlund wins face-off versus Noah Gregor in Admirals zone.
9:47 of 2nd period - Minor Penalty to Markus Granlund for Roughing.
9:48 of 2nd period - Sam Carrick wins face-off versus Lucas Wallmark in Admirals zone.
9:54 of 2nd period - Slapshot by Markus Nutivaara.
9:54 of 2nd period - Stopped by Felix Sanstrom without a rebound.
9:55 of 2nd period - Lucas Wallmark wins face-off versus Sam Carrick in Admirals zone.
10:31 of 2nd period - Off-side.
10:32 of 2nd period - Anton Gustafsson wins face-off versus Sam Carrick in neutral zone.
11:47 of 2nd period - Penalty to Markus Granlund is over, Markus Granlund is back on ice.
12:22 of 2nd period - Wrist shot by Mario Lucia.
12:22 of 2nd period - Shot Misses the Net.
12:24 of 2nd period - Slapshot by David Shields.
12:24 of 2nd period - Shot Blocked by Freddie Hamilton.
12:26 of 2nd period - Wrist shot by Alex Henriksson.
12:26 of 2nd period - Shot Misses the Net.
13:13 of 2nd period - Wrist shot by Brett Connolly.
13:13 of 2nd period - Shot Blocked by Markus Nutivaara.
13:19 of 2nd period - Freddie Hamilton is hit by Alex Henriksson and loses puck.
13:30 of 2nd period - Wrist shot by Cole Ully.
13:30 of 2nd period - Goal by Cole Ully - Barracuda : 1 - Admirals : 4.
13:31 of 2nd period - Markus Granlund wins face-off versus Sam Carrick in neutral zone.
13:38 of 2nd period - Wrist shot by Brandon Kozun.
13:38 of 2nd period - Shot Misses the Net.
13:40 of 2nd period - Slapshot by Brandon Kozun.
13:40 of 2nd period - Goal by Brandon Kozun - Barracuda : 2 - Admirals : 4.
13:41 of 2nd period - Sam Carrick wins face-off versus Markus Granlund in neutral zone.
14:23 of 2nd period - Wrist shot by Nicolas Deslauriers.
14:23 of 2nd period - Deflect By Anton Gustafsson.
14:23 of 2nd period - Stopped by Joacim Eriksson without a rebound.
14:24 of 2nd period - Theodor Blueger wins face-off versus Lucas Wallmark in Barracuda zone.
14:26 of 2nd period - Minor Penalty to Chris Wagner for Interference.
14:27 of 2nd period - Markus Granlund wins face-off versus Sam Carrick in Barracuda zone.
14:31 of 2nd period - Wrist shot by Nicolas Kerdiles.
14:31 of 2nd period - Shot Misses the Net.
14:33 of 2nd period - Snap shot by Nicolas Kerdiles.
14:33 of 2nd period - Goal by Nicolas Kerdiles - Barracuda : 2 - Admirals : 5.
14:33 of 2nd period - Oscar Dansk enters game.
14:34 of 2nd period - Sam Carrick wins face-off versus Markus Granlund in neutral zone.
14:34 of 2nd period - Sam Carrick is hit by Andreas Englund.
14:46 of 2nd period - Wrist shot by Alex Iafallo.
14:46 of 2nd period - Deflect By Brandon Kozun.
14:46 of 2nd period - Shot Misses the Net.
14:46 of 2nd period - Puck is out of play.
14:47 of 2nd period - Markus Granlund wins face-off versus Sam Carrick in Admirals zone.
15:12 of 2nd period - Emil Pettersson is hit by Andreas Englund and loses puck.
16:01 of 2nd period - Markus Nutivaara is hit by Lucas Wallmark and loses puck.
16:14 of 2nd period - Slapshot by Arturs Kulda.
16:14 of 2nd period - Stopped by Felix Sanstrom with a rebound.
16:16 of 2nd period - Snap shot by William Carrier.
16:16 of 2nd period - Goal by William Carrier - Barracuda : 3 - Admirals : 5.
16:17 of 2nd period - Markus Granlund wins face-off versus Sam Carrick in neutral zone.
16:42 of 2nd period - Justin Shugg is hit by Mark McNeill and loses puck.
17:09 of 2nd period - Slapshot by Alex Henriksson.
17:09 of 2nd period - Stopped by Felix Sanstrom without a rebound.
17:10 of 2nd period - Sam Carrick wins face-off versus Markus Granlund in Admirals zone.
17:23 of 2nd period - Snap shot by Brandon Kozun.
17:23 of 2nd period - Deflect By Josh Morrissey.
17:23 of 2nd period - Stopped by Felix Sanstrom with a rebound.
17:37 of 2nd period - T.J Brodie is hit by Chris Wagner and loses puck.
18:26 of 2nd period - Backhand shot by Alex Iafallo.
18:26 of 2nd period - Shot Misses the Net.
18:28 of 2nd period - Wrist shot by Alex Iafallo.
18:28 of 2nd period - Deflect By Sam Carrick.
18:28 of 2nd period - Goal by Sam Carrick - Barracuda : 4 - Admirals : 5.
18:29 of 2nd period - Sam Carrick wins face-off versus Markus Granlund in neutral zone.
18:54 of 2nd period - T.J Brodie is hit by Arturs Kulda and loses puck.
19:04 of 2nd period - Backhand shot by Anton Gustafsson.
19:04 of 2nd period - Stopped by Oscar Dansk with a rebound.
19:15 of 2nd period - Off-side.
19:16 of 2nd period - Lucas Wallmark wins face-off versus Emil Pettersson in neutral zone.
19:19 of 2nd period - Emil Pettersson is hit by Christian Djoos and loses puck.
19:49 of 2nd period - Backhand shot by Markus Granlund.
19:49 of 2nd period - Shot Blocked by Robin Norell.
19:51 of 2nd period - Snap shot by Joel Armia.
19:51 of 2nd period - Shot Misses the Net.
19:53 of 2nd period - Wrist shot by Joel Armia.
19:53 of 2nd period - Shot Misses the Net.
Goals for this period are 4 for Barracuda vs 3 for Admirals.
Shots for this period are 14 for Barracuda vs 12 for Admirals.
3rd period
0:01 of 3rd period - Markus Granlund wins face-off versus Sam Carrick in neutral zone.
0:04 of 3rd period - Arturs Kulda is hit by Nicolas Kerdiles and loses puck.
0:12 of 3rd period - Minor Penalty to T.J Brodie for Unsportsmanlike conduct.
0:13 of 3rd period - Markus Granlund wins face-off versus Sam Carrick in Admirals zone.
0:17 of 3rd period - Brandon Kozun is hit by Carl Dahlstrom and loses puck.
0:26 of 3rd period - Carl Dahlstrom is hit by Markus Nutivaara and loses puck.
2:03 of 3rd period - Dmitrij Jaskin is hit by Lucas Wallmark and loses puck.
2:12 of 3rd period - Penalty to T.J Brodie is over, T.J Brodie is back on ice.
2:18 of 3rd period - Snap shot by Freddie Hamilton.
2:18 of 3rd period - Deflect By Hunter Shinkaruk.
2:18 of 3rd period - Goal by Hunter Shinkaruk - Barracuda : 4 - Admirals : 6.
2:19 of 3rd period - Markus Granlund wins face-off versus Chris Wagner in neutral zone.
2:21 of 3rd period - Off-side.
2:22 of 3rd period - Markus Granlund wins face-off versus Theodor Blueger in neutral zone.
2:25 of 3rd period - Eric Gustafsson is hit by Josh Morrissey and loses puck.
2:34 of 3rd period - Snap shot by Nicolas Kerdiles.
2:34 of 3rd period - Shot Blocked by Chris Wagner.
2:36 of 3rd period - Slapshot by T.J Brodie.
2:36 of 3rd period - Stopped by Oscar Dansk with a rebound.
2:38 of 3rd period - Snap shot by Markus Granlund.
2:38 of 3rd period - Shot Blocked by Samuel Groulx.
3:08 of 3rd period - Snap shot by Blake Geoffrion.
3:08 of 3rd period - Stopped by Oscar Dansk without a rebound.
3:09 of 3rd period - Emil Pettersson wins face-off versus Lucas Wallmark in Barracuda zone.
3:36 of 3rd period - Kasper Bjorkqvist is hit by Theodor Blueger and loses puck.
4:43 of 3rd period - Arturs Kulda is hit by Blake Geoffrion and loses puck.
4:58 of 3rd period - Slapshot by Markus Nutivaara.
4:58 of 3rd period - Deflect By Mario Lucia.
4:58 of 3rd period - Stopped by Felix Sanstrom without a rebound.
4:59 of 3rd period - Alex Iafallo wins face-off versus Markus Granlund in Admirals zone.
5:02 of 3rd period - Snap shot by Alex Iafallo.
5:02 of 3rd period - Shot Misses the Net.
5:04 of 3rd period - Slapshot by Eric Gustafsson.
5:04 of 3rd period - Stopped by Felix Sanstrom with a rebound.
5:31 of 3rd period - William Carrier is hit by Anton Gustafsson and loses puck.
6:44 of 3rd period - Wrist shot by William Carrier.
6:44 of 3rd period - Deflect By Josh Morrissey.
6:44 of 3rd period - Stopped by Felix Sanstrom with a rebound.
6:53 of 3rd period - Icing by Emil Pettersson.
6:54 of 3rd period - Freddie Hamilton wins face-off versus Emil Pettersson in Barracuda zone.
7:03 of 3rd period - Snap shot by Nicolas Deslauriers.
7:03 of 3rd period - Shot Misses the Net.
7:19 of 3rd period - Snap shot by William Carrier.
7:19 of 3rd period - Deflect By Justin Shugg.
7:19 of 3rd period - Shot Misses the Net.
7:19 of 3rd period - Puck is out of play.
7:20 of 3rd period - Sam Carrick wins face-off versus Hunter Shinkaruk in Admirals zone.
7:23 of 3rd period - Slapshot by Alex Iafallo.
7:23 of 3rd period - Shot Blocked by Josh Morrissey.
7:34 of 3rd period - Icing by Markus Nutivaara.
7:35 of 3rd period - Nicolas Kerdiles wins face-off versus Sam Carrick in Barracuda zone.
8:02 of 3rd period - Emil Pettersson is hit by Mark McNeill and loses puck.
8:12 of 3rd period - Off-side.
8:13 of 3rd period - Markus Granlund wins face-off versus Theodor Blueger in neutral zone.
8:26 of 3rd period - Wrist shot by Theodor Blueger.
8:26 of 3rd period - Stopped by Felix Sanstrom with a rebound.
8:34 of 3rd period - Minor Penalty to Joel Armia for Holding.
8:35 of 3rd period - Alex Iafallo wins face-off versus Markus Granlund in Admirals zone.
9:29 of 3rd period - Icing by Sam Carrick.
9:30 of 3rd period - Markus Granlund wins face-off versus Emil Pettersson in Barracuda zone.
10:34 of 3rd period - Penalty to Joel Armia is over, Joel Armia is back on ice.
10:47 of 3rd period - T.J Brodie is hit by Markus Nutivaara and loses puck.
10:54 of 3rd period - Slapshot by Markus Nutivaara.
10:54 of 3rd period - Shot Misses the Net.
11:04 of 3rd period - Slapshot by Alex Henriksson.
11:04 of 3rd period - Stopped by Felix Sanstrom with a rebound.
11:24 of 3rd period - T.J Brodie is hit by Justin Shugg.
11:48 of 3rd period - Wrist shot by Nicolas Deslauriers.
11:48 of 3rd period - Shot Misses the Net.
12:20 of 3rd period - Wrist shot by Joel Armia.
12:20 of 3rd period - Stopped by Oscar Dansk without a rebound.
12:21 of 3rd period - Emil Pettersson wins face-off versus Lucas Wallmark in Barracuda zone.
12:23 of 3rd period - Minor Penalty to Samuel Groulx for Holding.
12:24 of 3rd period - Sam Carrick wins face-off versus Anton Gustafsson in Barracuda zone.
13:28 of 3rd period - Slapshot by Nicolas Kerdiles.
13:28 of 3rd period - Shot Blocked by Eric Gustafsson.
13:30 of 3rd period - Slapshot by Travis Dermott.
13:30 of 3rd period - Goal by Travis Dermott - Barracuda : 4 - Admirals : 7.
13:31 of 3rd period - Lucas Wallmark wins face-off versus Emil Pettersson in neutral zone.
13:36 of 3rd period - Wrist shot by Blake Geoffrion.
13:36 of 3rd period - Stopped by Oscar Dansk with a rebound.
14:22 of 3rd period - Wrist shot by Alex Iafallo.
14:22 of 3rd period - Stopped by Felix Sanstrom with a rebound.
15:25 of 3rd period - Slapshot by William Carrier.
15:25 of 3rd period - Stopped by Felix Sanstrom without a rebound.
15:26 of 3rd period - Freddie Hamilton wins face-off versus Emil Pettersson in Admirals zone.
15:26 of 3rd period - Freddie Hamilton is hit by Justin Shugg.
15:52 of 3rd period - Blake Geoffrion is hit by Alex Iafallo and loses puck.
15:59 of 3rd period - Snap shot by Alex Iafallo.
15:59 of 3rd period - Shot Misses the Net.
16:01 of 3rd period - Snap shot by Brandon Kozun.
16:01 of 3rd period - Shot Misses the Net.
16:03 of 3rd period - Snap shot by Samuel Groulx.
16:03 of 3rd period - Deflect By Sam Carrick.
16:03 of 3rd period - Deflect By Kasper Bjorkqvist.
16:03 of 3rd period - Shot Blocked by T.J Brodie.
16:03 of 3rd period - Puck is out of play.
16:04 of 3rd period - Theodor Blueger wins face-off versus Markus Granlund in Admirals zone.
16:31 of 3rd period - Markus Nutivaara is hit by Nicolas Deslauriers and loses puck.
16:56 of 3rd period - Snap shot by Brett Connolly.
16:56 of 3rd period - Shot Misses the Net.
17:40 of 3rd period - Snap shot by Eric Gustafsson.
17:40 of 3rd period - Shot Blocked by Olli Juolevi.
17:42 of 3rd period - Wrist shot by Chris Wagner.
17:42 of 3rd period - Shot Misses the Net.
17:44 of 3rd period - Slapshot by Eric Gustafsson.
17:44 of 3rd period - Deflect By Blake Geoffrion.
17:44 of 3rd period - Stopped by Felix Sanstrom without a rebound.
17:45 of 3rd period - Anton Gustafsson wins face-off versus Sam Carrick in Admirals zone.
18:10 of 3rd period - Joel Armia is hit by Emil Pettersson and loses puck.
18:29 of 3rd period - Josh Morrissey is hit by Chris Wagner and loses puck.
18:52 of 3rd period - Snap shot by Alex Henriksson.
18:52 of 3rd period - Shot Blocked by Travis Dermott.
19:15 of 3rd period - Mark McNeill is hit by Alex Iafallo and loses puck.
19:24 of 3rd period - Mark McNeill is hit by Sam Carrick and loses puck.
19:31 of 3rd period - Minor Penalty to Anton Gustafsson for Hooking.
19:32 of 3rd period - Markus Granlund wins face-off versus Sam Carrick in Admirals zone.
Goals for this period are 0 for Barracuda vs 2 for Admirals.
Shots for this period are 8 for Barracuda vs 6 for Admirals.